 Dungeon Crawl Stone Soup version 0.30-a0-2-gf48d83f5e2 (webtiles) character file.

Game seed: 17475060215814561038

3292 jlumianski the Cleaver (level 9, -1/70 HPs)
             Began as a Demonspawn Gladiator on Aug 18, 2022.
             Slain by a gnoll
             ... wielding a +0 trident
              (3 damage)
             ... in a bailey on Aug 20, 2022.
             The game lasted 00:49:07 (10073 turns).

jlumianski the Cleaver (Demonspawn Gladiator)      Turns: 10073, Time: 00:49:07

Health: -1/70      AC: 16    Str: 19    XL:     9   Next: 69%
Magic:  9/9        EV:  7    Int:  9    God:
Gold:   146        SH:  0    Dex: 13    Spells: 8/8 levels left

rFire   + + .      SeeInvis .    K - +0 war axe of Courage {vorpal, *Noise rC+++ Stlth+}
rCold   + + +      Faith    .    (no shield)
rNeg    . . .      Spirit   .    N - +0 plate armour
rPois   .          Reflect  .    c - +0 helmet
rElec   .          Harm     .    (no cloak)
rCorr   +          Rampage  .    J - +0 pair of gloves
Will    .....      Clarity  +    (no boots)
Stlth   ..........               (no amulet)
HPRegen 0.21/turn                q - ring of protection from fire
MPRegen 0.11/turn                I - ring of resist corrosion

@: weakened
A: foul stench 2, sharp scales 1, demonic magic 1, demonic touch 2, clarity,
clumsy 1, fire resistance 1, MP-powered wands
a: no special abilities


You were in a bailey.
You visited 1 branch of the dungeon, and saw 9 of its levels.
You also visited: Sewer, Ossuary and Bailey.

You collected 327 gold pieces.
You spent 181 gold pieces at shops.

Inventory:

Hand Weapons
 a - a +0 war axe
 s - a +2 mace of protection
 z - a +0 dagger of venom
 K - the +0 war axe of Courage (weapon) {vorpal, *Noise rC+++ Stlth+}
   (You bought it in a shop on level 2 of the Dungeon)

   It inflicts extra damage upon your enemies.
   rC:        It renders you almost immune to cold.
   *Noise:    It may make noises in combat.
   Stlth:     It makes you more stealthy.
Missiles
 d - 5 throwing nets
 e - a javelin
 f - 77 stones
 r - 5 atropa-tipped darts
 v - 12 poisoned darts (quivered)
 F - 4 boomerangs
 L - a curare-tipped dart
Armour
 b - a +0 leather armour
 c - a +0 helmet (worn)
 o - a +0 ring mail
 p - a +0 chain mail
 J - a +0 pair of gloves (worn)
 M - +0 steam dragon scales
 N - a +0 plate armour (worn)
Jewellery
 q - a ring of protection from fire (left hand)
 I - a ring of resist corrosion (right hand)
Wands
 x - a wand of flame (22)
Scrolls
 i - 5 scrolls of noise
 j - 5 scrolls of teleportation
 u - a scroll of fear
 D - 2 scrolls of vulnerability
 H - a scroll of enchant weapon
Potions
 g - a potion of flight
 k - 6 potions of might
 l - 3 potions of mutation
 m - 2 potions of lignification
 n - 3 potions of resistance
 t - 3 potions of haste
 w - a potion of brilliance
 A - 2 potions of curing
 B - a potion of attraction
 E - 2 potions of berserk rage
 G - 2 potions of heal wounds
 O - 2 potions of invisibility


   Skills:
 + Level 6.3 Fighting
 + Level 8.1(8.5) Axes
 + Level 3.4(6.2) Maces & Flails
 + Level 2.6 Throwing
 + Level 6.0 Armour
 + Level 4.2 Dodging
 + Level 1.1 Stealth


You had 8 spell levels left.
You didn't know any spells.
Your spell library contained the following spells:

 Spells                   Type           Power      Damage    Failure   Level
 Freeze                   Ice            0%         1d3       100%        1
 Necrotise                Necr           0%         1d4       100%        1
 Blink                    Tloc           0%         N/A       100%        2
 Ensorcelled Hibernation  Hex/Ice        0%         N/A       100%        2
 Passwall                 Tmut/Erth      0%         N/A       100%        2
 Sublimation of Blood     Necr           0%         N/A       100%        2
 Wereblood                Tmut           0%         N/A       100%        2
 Frozen Ramparts          Ice            0%         1d1       100%        3
 Ozocubu's Armour         Ice            0%         N/A       100%        3
 Swiftness                Air            0%         N/A       100%        3
 Vampiric Draining        Necr           0%         2d6       100%        3
 Hailstorm                Conj/Ice       0%         3d3       100%        4
 Passage of Golubria      Tloc           0%         N/A       100%        4
 Agony                    Necr           0%         N/A       100%        5
 Manifold Assault         Tloc           0%         N/A       100%        5
 Metabolic Englaciation   Hex/Ice        0%         N/A       100%        5
 Silence                  Hex/Air        0%         N/A       100%        5
 Simulacrum               Ice/Necr       0%         N/A       100%        6
 Storm Form               Tmut/Air       0%         N/A       100%        7
 Summon Hydra             Summ           0%         N/A       100%        7
 Lehudib's Crystal Spear  Conj/Erth      0%         10d2      100%        8


Dungeon Overview and Level Annotations

Branches:
Dungeon (9/15)             Temple (0/1) D:7           Sewer (visited)
Ossuary (visited)          Bailey (1/1)
   Lair: D:8-11         Orc: D:9-12

Altars:
Ashenzari
Cheibriados
Dithmenos
Fedhas
Hepliaklqana
Makhleb
Nemelex Xobeh
Okawaru
Uskayaw

Shops:
D:2 !![(?   D:3 *

Annotations:
D:9 1 transporter


Innate Abilities, Weirdness & Mutations

You sometimes emit foul miasma when damaged in melee.
You are partially covered in razor-sharp scales. (AC +1, Slay +1)
Spells you cast may paralyse adjacent enemies.
Your touch may inflict irresistible damage on your foes.
You possess an exceptional clarity of mind.
You are clumsy. (Dex -2)
Your flesh is heat resistant. (rF+)
You expend magic power (3 MP) to strengthen your wands.


Message History

The wolf bites you.
The gnoll bouda gazes fiercely through you!
You feel as though you will be weak longer.
The wolf bites you but does no damage.
You hit the wolf.
The wolf is almost dead.
A gnoll sergeant comes into view. It is wielding a +0 glaive.
The wolf barely misses you.
The gnoll hits you from afar with a +0 trident.
The gnoll bouda barks out a call to the hunt!
The gnoll sergeant picks up the pace!
The wolf closely misses you.
The gnoll sergeant shouts!
You completely miss the wolf. Your touch misses the wolf.
The wolf is almost dead.
You kill the wolf!
The gnoll completely misses you. The gnoll bouda barely misses you.
Your Armour skill increases to level 6!
Unknown command.
Okay, then.
The gnoll hits you from afar with a +0 trident.
* * * LOW HITPOINT WARNING * * *
You hit the gnoll bouda.
You touch the gnoll bouda!
The gnoll bouda is almost dead.
The gnoll sergeant hits you but does no damage.
The gnoll hits you from afar with a +0 trident.
* * * LOW HITPOINT WARNING * * *
The gnoll bouda prays to its god.
The gnoll bouda is healed somewhat.
You hit the gnoll bouda.
You touch the gnoll bouda.
You kill the gnoll bouda!
The gnoll sergeant hits you from afar with a +0 glaive!
* * * LOW HITPOINT WARNING * * *
The gnoll hits you but does no damage.
Unknown command.
You feel better.
The gnoll sergeant hits you from afar with a +0 glaive!
* * * LOW HITPOINT WARNING * * *
The gnoll hits you from afar with a +0 trident.
You die...

♣.≈..### ♣♣.≈..#
♣♣..≈..# ♣...≈..# ###
♣...≈..# ...#
♣♣...≈..##### .....
#♣♣♣)..)...'...#...$..
#∩..)))÷g).')..+...8..
#♣♣♣..@)g(.'...#...$..
♣♣...≈..##### .....
♣♣..≈..# ...# ♣..≈..#
### ♣..≈..# ♣♣.≈..#
♣.≈..# ♣♣≈≈...#
♣≈≈≈≈≈≈


You could see a gnoll sergeant (swift) and a gnoll (swift).

Vanquished Creatures
  A wyvern (D:9)
  2 steam dragons
  Menkaure (D:4)
  A water moccasin (D:7)
  A sky beast (D:6)
  2 black bears
  A wolf (Bailey)
  A phantom (D:5)
  2 gnoll sergeants (Bailey)
  2 kobold brigands
  7 bullfrogs
  A necrophage (D:5)
  3 scorpions
  2 water moccasin zombies (Ossuary)
  2 wights (D:7)
  4 killer bees
  7 hounds
  4 gnoll boudas
  2 jellies
  Jessica (D:2)
  Ijyb (D:3)
  Terence (D:3)
  An orc wizard (D:8)
  5 iguanas
  2 mummies (Ossuary)
  13 gnolls
  8 adders
  2 white imps (D:6)
  3 adder zombies (Ossuary)
  2 worms (D:4)
  A dart slug (D:2)
  16 orcs
  4 bats (D:1)
  11 endoplasms
  8 giant cockroaches
  16 goblins
  7 hobgoblins
  10 quokkas
  11 ball pythons
  7 frilled lizards
  2 gnoll zombies (Ossuary)
  4 hobgoblin zombies (Ossuary)
  15 kobolds
  5 kobold zombies (Ossuary)
  6 orc zombies (Ossuary)
  6 rats
214 creatures vanquished.

Vanquished Creatures (others)
  A kobold (D:6)
1 creature vanquished.

Grand Total: 215 creatures vanquished

Notes
Turn   | Place    | Note
-------+----------+-------------------------------------------
     0 | D:1      | jlumianski the Demonspawn Gladiator began the quest for the
                  | Orb.
     0 | D:1      | Reached XP level 1. HP: 16/16 MP: 1/1
   207 | D:1      | Gained mutation: Your touch may inflict minor irresistible
                  | damage on your foes. [demonic ancestry]
   207 | D:1      | Reached XP level 2. HP: 9/22 MP: 2/2
  1155 | D:1      | Gained mutation: You possess an exceptional clarity of
                  | mind. [potion of mutation]
  1155 | D:1      | Gained mutation: You expend magic power (3 MP) to
                  | strengthen your wands. [potion of mutation]
  1155 | D:1      | Gained mutation: You are clumsy. (Dex -2) [potion of
                  | mutation]
  1155 | D:1      | Gained mutation: Your flesh is heat resistant. (rF+)
                  | [potion of mutation]
  1197 | D:2      | Found Luz Tiq's Distillery.
  1236 | D:2      | Found Coamm's Antique Weapon Shop.
  1245 | D:2      | Found Onkuilokk's Antique Armour Boutique.
  1264 | D:2      | Reached skill level 3 in Axes
  1264 | D:2      | Gained mutation: You may rarely emit foul miasma when
                  | damaged in melee. [demonic ancestry]
  1264 | D:2      | Reached XP level 3. HP: 16/27 MP: 3/3
  1390 | D:2      | Found Sofat's Magic Scroll Emporium.
  1398 | D:2      | Bought a scroll of identify for 20 gold pieces
  1804 | D:2      | Noticed Jessica
  1811 | D:2      | Killed Jessica
  1812 | D:2      | Reached skill level 1 in Armour
  1868 | D:2      | Found Decluowk's Distillery.
  2174 | D:3      | Found a faded altar of an unknown god.
  2185 | D:3      | Gained mutation: Spells you cast may paralyse adjacent
                  | enemies. [demonic ancestry]
  2185 | D:3      | Reached XP level 4. HP: 31/34 MP: 4/4
  2262 | D:3      | Found Immat's General Store.
  2287 | D:3      | Noticed Terence
  2305 | D:3      | Killed Terence
  2408 | D:3      | Noticed Ijyb
  2434 | D:3      | Killed Ijyb
  2435 | D:3      | Reached skill level 4 in Axes
  2435 | D:3      | Reached XP level 5. HP: 30/39 MP: 5/5
  3041 | D:4      | Gained mutation: You sometimes emit foul miasma when
                  | damaged in melee. [demonic ancestry]
  3041 | D:4      | Reached XP level 6. HP: 21/47 MP: 6/6
  3084 | D:4      | Found a glowing drain.
  3106 | Sewer    | Entered a sewer
  3521 | Sewer    | Reached skill level 5 in Axes
  3683 | Sewer    | HP: 2/47 [frilled lizard (2)]
  4213 | D:5      | Entered Level 5 of the Dungeon
  4234 | D:5      | Reached XP level 7. HP: 45/52 MP: 7/7
  4276 | D:5      | Found a burning altar of Makhleb.
  4459 | D:5      | Found a sand-covered staircase.
  4467 | Ossuary  | Entered an ossuary
  4637 | Ossuary  | Reached skill level 6 in Axes
  5159 | D:5      | Gained mutation: Your touch may inflict irresistible damage
                  | on your foes. [demonic ancestry]
  5159 | D:5      | Reached XP level 8. HP: 61/61 MP: 8/8
  5708 | D:4      | Noticed Menkaure
  5716 | D:4      | Killed Menkaure
  5717 | D:4      | Reached skill level 5 in Fighting
  6244 | D:5      | Found a shadowy altar of Dithmenos.
  6245 | D:5      | Found a hazy altar of Hepliaklqana.
  6368 | D:2      | Bought a bloodstained war axe for 161 gold pieces
  6368 | D:2      | Identified the +0 war axe of Courage {vorpal, *Noise rC+++
                  | Stlth+} (You bought it in a shop on level 2 of the Dungeon)
  6593 | D:6      | Reached skill level 7 in Axes
  7355 | D:6      | Found a hide-covered altar of Uskayaw.
  7355 | D:6      | Found an iron altar of Okawaru.
  7362 | D:6      | Found a blossoming altar of Fedhas.
  7379 | D:6      | Found a snail-covered altar of Cheibriados.
  7386 | D:6      | Found a broken altar of Ashenzari.
  7390 | D:6      | Found a sparkling altar of Nemelex Xobeh.
  7844 | D:7      | Gained mutation: You are partially covered in razor-sharp
                  | scales. (AC +1, Slay +1) [demonic ancestry]
  7844 | D:7      | Reached XP level 9. HP: 64/68 MP: 9/9
  7904 | D:7      | Noticed a seven-headed hydra
  8719 | D:7      | Reached skill level 5 in Armour
  8857 | D:8      | Noticed an orange demon
  8878 | D:7      | Reached skill level 8 in Axes
  9160 | D:7      | Upgraded the game from 0.29-a0-1065-g47a6bb87d6 to
                  | 0.30-a0-2-gf48d83f5e2
  9275 | D:7      | Found a staircase to the Ecumenical Temple.
  9415 | D:8      | Reached skill level 1 in Maces & Flails
  9456 | D:8      | Reached skill level 1 in Stealth
  9716 | D:9      | Found a transporter.
  9730 | D:9      | Found a flagged portal.
  9742 | Bailey   | Entered a bailey
 10073 | Bailey   | HP: 2/70 [gnoll sergeant/+0 glaive (15)]
 10073 | Bailey   | Slain by a gnoll

Illustrated notes

Levels and vault maps discovered:
D:1:      wander_arrival_chamber, layout_loops_cross
D:2:      layout_basic, serial_shops, nicolae_diamond_shop, nicolae_square_shop,
          shop, shop_scrolls, shop, minmay_pentomino_u2, uniq_jessica
D:3:      kennysheep_the_goblin_king, layout_rooms, serial_shops, shop,
          dreamdust_ecumenical_altar_statues, uniq_terence
D:4:      layout_layer_cave, portal_sewer_entry_e, uniq_menkaure
D:5:      layout_basic, riverfiend_overflow_shadow_ancestor,
          mainiacjoe_overflow_concentric_impassable, chequers_ossuary_entry_cave
D:6:      layout_loops_ring, nicolae_overflow_hallway_of_the_gods,
          hangedman_decor_diamond_cutter
D:7:      layout_rooms, minmay_temple_entry_antechambers,
          kennysheep_generic_room_10
D:8:      layout_basic, mainiacjoe_overflow_catwalk_spiral, xom_butterflies,
          uniq_psyche, uniq_amaemon
D:9:      gammafunk_beogh_shrine, layout_rooms, enter_bailey_2, minivault_24,
          minmay_misc_feat_ornament
Bailey:   bailey_polearm_gnolls_kennysheep, bailey

Skill      XL: |  1  2  3  4  5  6  7  8  9 |
---------------+----------------------------+-----
Dodging        | 3 4 |  4.2
Axes           | 3 4 5 6 7 8 |  8.1
Armour         | 1 3 4 6 |  6.0
Throwing       | 2 |  2.6
Fighting       | 3 4 5 6 |  6.3
Maces & Flails | 3 |  3.4
Stealth        | 1 |  1.1

Action                   |  1- 3 |  4- 6 |  7- 9 || total
-------------------------+-------+-------+-------++-------
Melee: War axe           |   103 |   176 |   277 ||   556
       Touch             |     8 |    22 |    59 ||    89
       Punch             |       |     1 |     7 ||     8
       Mace              |       |       |    52 ||    52
Throw: Dart              |       |    10 |    13 ||    23
Evoke: Wand              |       |       |     1 ||     1
  Use: Potion            |     1 |     2 |     3 ||     6
       Scroll            |     7 |     6 |    13 ||    26
 Stab: Sleeping          |     1 |       |       ||     1
Armor: Leather armour    |    36 |       |       ||    36
       Ring mail         |    11 |       |       ||    11
       Chain mail        |     6 |   128 |   127 ||   261
       Plate armour      |       |       |   143 ||   143
Dodge: Dodged            |    88 |    84 |   166 ||   338

Table legend: (Time is in decaauts)
 A = Elapsed time spent in this place.
 B = Non-inter-level travel time spent in this place.
 C = Inter-level travel time spent in this place.
 D = Time resting spent in this place.
 E = Time spent auto-exploring this place.
 F = Levels seen in this place.
 G = Mean time per level.
                   A        B        C        D        E       F      G
               +--------+--------+--------+--------+--------+-----+--------+
         Total |  10363 |   9958 |    405 |   2340 |   3574 |  12 |  863.6 |
       Dungeon |   8783 |   8378 |    405 |   1624 |   3574 |   9 |  975.9 |
         Sewer |   1021 |   1021 |      0 |    511 |      0 |   1 | 1021.0 |
       Ossuary |    226 |    226 |      0 |     32 |      0 |   1 |  226.0 |
        Bailey |    333 |    333 |      0 |    173 |      0 |   1 |  333.0 |
               +--------+--------+--------+--------+--------+-----+--------+

Top non-repeatable levels by time:
     D:4: 1650 daAuts
     D:6: 1579 daAuts
     D:1: 1188 daAuts
     D:5: 1117 daAuts
     D:7: 1096 daAuts
     D:2: 1023 daAuts
   Sewer: 1021 daAuts
     D:3: 951 daAuts
  Bailey: 333 daAuts
 Ossuary: 226 daAuts
     D:8: 117 daAuts
     D:9: 58 daAuts
